 Dungeon Crawl Stone Soup version 0.30.1-9-gdf580d7c3d (webtiles) character file.

Game seed: 11209670991481718110

35 booth the Insei (level 3, 0/26 HPs)
             Began as a Demonspawn Transmuter on Oct 24, 2023.
             Slain by an adder (1 damage)
             ... on level 2 of the Dungeon.
             The game lasted 00:06:10 (858 turns).

booth the Insei (Demonspawn Transmuter)              Turns: 858, Time: 00:06:10

Health: 0/26       AC:  2    Str: 12    XL:     3   Next: 17%
Magic:  2/6        EV: 12    Int: 14    God:
Gold:   40         SH:  0    Dex: 13    Spells: 3/6 levels left

rFire   . .          .
                       - Unarmed
rCold   . . .        (no shield)
rNeg    . . .        a - +0 robe
rPois   .            (no helmet)
rElec   .            (no cloak)
rCorr   .            (no gloves)
SInv    .            (no boots)
Will    .....        (no amulet)
Stlth   +            h - ring of protection from fire
HPRegen 0.24/turn    (no ring)
MPRegen 0.10/turn

%: no passive effects
@: wereblooded, hasted, very quick
A: hooves 1, heat vulnerability 1, MP-powered wands
a: no special abilities


You were on level 2 of the Dungeon.
You visited 1 branch of the dungeon, and saw 2 of its levels.

You collected 40 gold pieces.

Inventory:

Missiles
 d - 5 javelins
Armour
 a - a +0 robe (worn)
Jewellery
 h - a ring of protection from fire (left hand)
Potions
 b - a potion of lignification
 c - a potion of flight {unknown}


   Skills:
 + Level 1.4 Fighting
 + Level 2.1 Dodging
 * Level 3.0 Unarmed Combat
 + Level 2.1 Spellcasting
 * Level 2.3 Transmutations


You had 3 spell levels left.
You knew the following spells:

 Your Spells              Type           Power      Damage    Failure   Level
a - Beastly Appendage     Tmut           16%        N/A       9%          1
b - Wereblood             Tmut           8%         N/A       14%         2

Your spell library contained the following spells:

 Spells                   Type           Power      Damage    Failure   Level
 Freeze                   Ice            4%         1d3       24%         1
 Spider Form              Tmut/Pois      4%         N/A       41%         3
 Frozen Ramparts          Ice            2%         1d1       56%         3
 Hailstorm                Conj/Ice       1%         3d3       56%         3
 Ozocubu's Armour         Ice            1%         N/A       56%         3
 Ice Form                 Ice/Tmut       4%         N/A       82%         4
 Metabolic Englaciation   Hex/Ice        0%         N/A       100%        5
 Simulacrum               Ice/Necr       0%         N/A       100%        6


Dungeon Overview and Level Annotations

Branches:
Dungeon (2/15)

Altars:


Innate Abilities, Weirdness & Mutations

You have large cloven feet.
You are vulnerable to heat. (rF-)
You expend magic power (3 MP) to strengthen your wands.


Message History

Your headbutt misses the kobold. The kobold hits you with a +0 dagger.
The kobold hits you with a +0 whip.
You barely miss the kobold. You headbutt the kobold.
The kobold is heavily wounded.
You feel your willpower return. The kobold closely misses you.
The kobold barely misses you.
Casting: Beastly Appendage (safe; 9% risk of failure)
Confirm with . or Enter, or press ? or * to list all spells.
Your blood is infused with primal strength.
The kobold hits you with a +0 dagger. The kobold closely misses you.
Casting: Wereblood (safe; 14% risk of failure)
Confirm with . or Enter, or press ? or * to list all spells.
Okay, then.
Casting: Wereblood (safe; 14% risk of failure)
Confirm with . or Enter, or press ? or * to list all spells.
Your blood is freshly infused with primal strength!
The kobold misses you. The kobold hits you with a +0 whip.
* * * LOW HITPOINT WARNING * * *
You closely miss the kobold.
The kobold is heavily wounded.
The kobold hits you with a +0 dagger.
* * * LOW HITPOINT WARNING * * *
The kobold closely misses you.
You hit the kobold.
You feel a bit better.
You kill the kobold!
The kobold hits you with a +0 dagger.
* * * LOW HITPOINT WARNING * * *
You barely miss the adder. The adder bites you but does no damage.
The kobold barely misses you. The adder barely misses you.
You closely miss the adder. The kobold hits you with a +0 dagger.
* * * LOW HITPOINT WARNING * * *
The adder barely misses you.
You closely miss the adder.
Your horns disappear.
Your talons disappear.
The adder bites you.
* * * LOW HITPOINT WARNING * * *
The kobold hits you with a +0 dagger.
* * * LOW HITPOINT WARNING * * *
It was a potion of haste.
You feel yourself speed up. The adder bites you.
You die...

.# #.# #### .#
... .... .##.#
.... .... ###...
..# #
#...#.####..###.#
........<......#
..#...K........
+..@S.......#
#####.#.##..#
#.#.# .# ..... .
.#.#.## ......#
## #.# # ... ###


You could see an adder and a kobold.

Vanquished Creatures
  A gnoll (D:1)
  A dart slug (D:1)
  2 bats (D:1)
  2 endoplasms (D:1)
  A giant cockroach (D:1)
  A goblin (D:1)
  3 hobgoblins (D:1)
  2 jackals (D:1)
  2 frilled lizards (D:1)
  3 kobolds
  4 rats (D:1)
22 creatures vanquished.

Notes
Turn   | Place    | Note
-------+----------+-------------------------------------------
     0 | D:1      | booth the Demonspawn Transmuter began the quest for the
                  | Orb.
     0 | D:1      | Reached XP level 1. HP: 15/15 MP: 3/3
   279 | D:1      | Discovered your monstrous ancestry.
   279 | D:1      | Lost mutation: You have razor-sharp toenails. [demonic
                  | ancestry]
   279 | D:1      | Lost mutation: You have sharp toenails. [demonic ancestry]
   279 | D:1      | Gained mutation: You have large cloven feet. [demonic
                  | ancestry]
   279 | D:1      | Reached XP level 2. HP: 18/21 MP: 3/5
   435 | D:1      | Learned a level 2 spell: Wereblood
   491 | D:1      | Reached skill level 3 in Unarmed Combat
   586 | D:1      | Reached XP level 3. HP: 26/26 MP: 6/6
   818 | D:1      | Gained mutation: You expend magic power (3 MP) to
                  | strengthen your wands. [potion of mutation]
   818 | D:1      | Gained mutation: You are vulnerable to heat. (rF-) [potion
                  | of mutation]
   857 | D:2      | HP: 1/26 [kobold/+0 dagger (1)]
   858 | D:2      | Slain by an adder

Illustrated notes

Levels and vault maps discovered:
D:1:      co_arrival_square_in_a_square_in_a_square, layout_loops_ring,
          nicolae_grassy_gnolls
D:2:      layout_basic, ebering_ecumenical_altar_rust, serial_shops,
          nicolae_square_shop, minmay_pentomino_o2, uniq_jessica

Skill      XL: |  1  2 |
---------------+-------+-----
Dodging        | 2 |  2.1
Transmutations | 2 |  2.3
Unarmed Combat | 3 |  3.0
Fighting       | |  1.4
Spellcasting   | |  2.1

Action                     || total
---------------------------++-------
  Melee: Unarmed           ||    73
         Kick              ||    14
         Punch             ||     5
         Headbutt          ||     6
   Cast: Beastly Appendage ||    12
         Wereblood         ||     2
    Use: Potion            ||     3
         Scroll            ||     1
 Armour: Robe              ||    14
  Dodge: Dodged            ||    52
